Map: 카이로스 정션 - 래더

Players

Zest - Winner!

  • Race: Protoss Protoss
  • League: Master
  • Spawn Location: 5:00

aLive

  • Race: Terran Terran
  • League: Grandmaster
  • Spawn Location: 11:00

Event: IEM Season 13 - Katowice Server Qualifiers Asia 2

VOD

Have the link to the VOD?

Description

Time

  • Played on: Jan. 22, 2019, 5:38 a.m.
  • Length: 15:14

All games in this series

Show
View Real Time Build Order
Export as new Build Order

Zest Protoss - Winner!

Build Orders: 1 Gate Expand, Colossus Rush 

Get SALT Encoding   

  12  0:00  Probe  
  13  0:13  Probe  
  14  0:18  Pylon  
  14  0:24  Probe  
  15  0:32  Probe  
  15  0:37  Gateway  
  15  0:40  Probe  
  16  0:46  Assimilator  
  17  0:51  Probe  
  18  1:03  Probe  
  19  1:15  Probe  
  20  1:24  Cybernetics Core  
  20  1:32  Nexus  
  20  1:34  Probe  
  21  1:41  Pylon  
  21  1:43  Warp Gate  
  21  1:46  Probe  
  22  1:49  Assimilator  
  22  1:51  Adept  
  22  1:59  Probe  
  25  2:11  Probe  
  26  2:17  Stalker  
  28  2:41  Gateway x2  
  26  2:46  Probe  
  26  2:51  Stalker  
  29  3:04  Robotics Facility  
  29  3:06  Probe  
  29  3:09  Probe  
  31  3:19  Probe  
  32  3:21  Probe  
  32  3:26  Pylon  
  33  3:34  Probe x2  
  35  3:44  Observer  
  35  3:46  Probe x2  
  37  3:57  Stalker x3  
  37  3:58  Probe  
  37  4:00  Probe  
  45  4:06  Pylon  
  45  4:08  Observer  
  46  4:10  Probe  
  46  4:12  Probe  
  48  4:22  Probe  
  49  4:24  Probe  
  49  4:26  Pylon  
  50  4:34  Probe  
  50  4:35  Probe  
  52  4:40  Stalker x3  
  52  4:43  Probe  
  52  4:45  Assimilator  
  58  4:47  Probe, Assimilator  
  58  4:51  Probe  
  58  4:52  Pylon  
  60  4:59  Probe  
  62  5:03  Robotics Bay  
  62  5:09  Pylon  
  62  5:10  Probe  
  62  5:11  Probe  
  64  5:15  Immortal  
  68  5:34  Extended Thermal Lance  
  66  5:37  Probe  
  66  5:38  Probe  
  66  5:42  Colossus  
  66  5:49  Probe  
  67  5:50  Probe  
  67  5:52  Pylon  
  74  5:57  Nexus  
  74  5:58  Observer  
  74  6:00  Pylon  
  74  6:09  Probe x2  
  76  6:13  Sentry x3  
  76  6:17  Forge, Twilight Council  
  82  6:19  Colossus  
  82  6:23  Probe  
  82  6:24  Probe  
  84  6:26  Pylon  
  84  6:37  Protoss Ground Weapons Level 1  
  90  6:41  Adept x2  
  90  6:44  Adept, Probe  
  90  6:45  Probe  
  98  6:49  Blink  
  88  7:02  Probe x2  
  90  7:10  Probe  
  90  7:13  Sentry  
  90  7:14  Probe x2  
  95  7:18  Immortal  
  95  7:22  Probe  
  100  7:26  Probe x2  
  100  7:28  Gateway x2, Pylon  
  102  7:30  Gateway  
  102  7:34  Probe, Gateway  
  100  7:51  Probe x2  
  102  7:59  Immortal  
  102  8:00  Stalker  
  108  8:06  Sentry  
  108  8:07  Forge  
  108  8:12  Protoss Ground Armor Level 1  
  110  8:16  Probe x3  
  110  8:18  Pylon  
  113  8:25  Observer  
  113  8:28  Nexus  
  113  8:29  Protoss Ground Weapons Level 2  
  113  8:30  Pylon  
  113  8:33  Zealot x2  
  117  8:41  Stalker x4  
  120  8:42  Probe  
  120  8:43  Probe  
  123  8:50  Charge  
  123  9:03  Gateway  
  123  9:05  Gateway  
  123  9:06  Immortal  
  123  9:07  Gateway  
  121  9:12  Observer  
  121  9:14  Probe x2  
  113  9:20  Probe  
  113  9:22  Probe x2  
  105  9:30  Probe x2  
  107  9:32  Probe  
  110  9:40  Probe  
  110  9:41  Probe  
  110  9:42  Probe  
  110  9:44  Probe  
  114  9:49  Stalker  
  114  9:50  Protoss Ground Armor Level 2, Zealot, Stalker x5  
  114  9:52  Probe  
  129  9:53  Probe  
  129  9:54  Probe  
  129  9:56  Probe  
  132  10:01  Immortal  
  136  10:08  Pylon  
  136  10:11  Pylon  
  136  10:14  Protoss Ground Weapons Level 3  
  136  10:20  Pylon  
  136  10:25  Probe x3  
  136  10:28  Stalker x2  
  141  10:29  Zealot x5  
  153  10:41  Zealot x3  
  159  10:46  Nexus  
  157  10:59  Zealot x3  
  157  11:00  Zealot x3  
  168  11:07  Pylon  
  168  11:09  Pylon  
  164  11:28  Zealot x2  
  164  11:29  Zealot x6  
  164  11:32  Pylon  
  180  11:33  Pylon  
  180  11:36  Protoss Ground Armor Level 3  
  180  11:39  Dark Shrine  
  180  11:44  Warp Prism  
  180  11:53  Zealot x7  
  186  12:31  Stalker x6  
  186  12:32  Stalker  
  168  12:55  Protoss Shields Level 1  
  168  12:57  Stalker x7  
  150  13:08  Zealot x3  
  110  13:23  Probe x5  
  109  13:30  Stalker x2  
  109  13:31  Stalker  
  109  13:32  Warp Prism  
  104  13:35  Probe x2  
  104  13:36  Probe x2  
  104  13:37  Probe  
  109  13:41  Sentry, Zealot x4  
  109  13:42  Zealot x2  
  109  13:45  Probe  
  109  13:47  Probe  
  109  13:48  Probe x3  
  127  13:53  Probe  
  130  13:59  Probe  
  130  14:00  Probe  
  133  14:03  Zealot x9  
  133  14:08  Observer, Probe x3  
  155  14:11  Probe  
  150  14:30  Zealot x10  
  164  14:59  Zealot x8  
  168  15:00  Zealot x2  
Show
View Real Time Build Order
Export as new Build Order

aLive Terran 

Build Orders: Liberator Opening 

Get SALT Encoding   

  12  0:00  SCV  
  13  0:12  SCV  
  14  0:17  Supply Depot  
  14  0:24  SCV  
  15  0:38  SCV  
  15  0:39  Barracks  
  16  0:45  Refinery  
  16  0:50  SCV  
  16  0:56  Refinery  
  17  1:02  SCV  
  18  1:15  SCV  
  19  1:27  Reaper, Orbital Command  
  20  1:44  Factory  
  20  1:45  Supply Depot  
  20  1:53  SCV  
  21  1:59  Marine  
  22  2:05  SCV  
  23  2:17  SCV  
  24  2:29  SCV  
  27  2:30  Widow Mine, Starport  
  27  2:41  SCV  
  28  2:53  SCV  
  28  2:54  Widow Mine  
  28  2:57  Supply Depot  
  30  3:01  Liberator, Bunker  
  30  3:05  Command Center  
  30  3:14  SCV  
  34  3:29  SCV  
  35  3:39  Marine  
  35  3:41  SCV  
  37  3:53  Barracks, SCV  
  37  3:54  Barracks  
  36  4:01  Barracks Reactor  
  36  4:05  SCV  
  36  4:08  Supply Depot  
  37  4:13  Factory Tech Lab  
  37  4:17  SCV  
  38  4:29  SCV  
  39  4:31  Engineering Bay  
  39  4:32  Siege Tank  
  39  4:35  Orbital Command  
  39  4:38  Marine x2  
  44  4:41  SCV  
  44  4:42  Marine, Barracks Tech Lab  
  46  4:48  Starport Reactor  
  46  4:49  Supply Depot  
  46  4:53  SCV  
  46  4:58  Marine x2  
  49  5:00  Marine  
  49  5:01  Marine, Terran Infantry Weapons Level 1  
  49  5:02  Stimpack  
  49  5:03  SCV  
  49  5:05  SCV  
  53  5:07  Siege Tank  
  56  5:16  SCV, Supply Depot  
  56  5:18  SCV  
  56  5:19  Marine  
  56  5:20  Marine x3  
  62  5:27  Supply Depot  
  62  5:28  SCV  
  62  5:29  Supply Depot  
  62  5:32  SCV  
  62  5:40  SCV  
  58  5:44  SCV  
  58  5:49  Factory Reactor, Medivac  
  61  5:50  Refinery x2  
  61  5:51  Medivac  
  61  5:52  SCV  
  61  5:53  Supply Depot  
  61  5:56  SCV, Supply Depot  
  65  5:57  Marine x2  
  65  5:58  Combat Shield, Marauder  
  69  6:04  SCV  
  70  6:14  SCV  
  70  6:15  Marauder  
  70  6:16  Marine x2, Supply Depot  
  70  6:18  SCV  
  76  6:19  Supply Depot  
  76  6:28  Widow Mine x2, Medivac x2  
  76  6:31  SCV x2  
  86  6:35  Command Center  
  86  6:38  Marine x2  
  86  6:39  Marine  
  89  6:41  Marine  
  88  6:55  SCV  
  88  6:56  SCV  
  89  7:03  Barracks  
  89  7:04  Barracks  
  89  7:06  Concussive Shells  
  89  7:07  Terran Infantry Armor Level 1  
  88  7:09  Marine x2, SCV x2  
  88  7:10  Marauder x2  
  96  7:21  Supply Depot x2  
  96  7:23  Widow Mine x2, Medivac  
  102  7:42  Marine x2  
  102  7:43  Marauder x2, SCV x2, Medivac  
  112  7:51  Barracks Tech Lab  
  108  7:52  Barracks Reactor  
  108  7:54  Orbital Command  
  108  7:55  Supply Depot  
  108  7:57  Starport  
  108  8:02  Marine x2  
  108  8:04  Marauder x2  
  114  8:06  SCV x2  
  116  8:16  Viking x2  
  120  8:21  SCV  
  120  8:22  SCV x2  
  120  8:26  Supply Depot  
  122  8:28  Supply Depot  
  122  8:29  Marine x2  
  122  8:30  Marine x2, Marauder  
  122  8:31  Marauder x2  
  128  8:42  Viking x2  
  128  8:47  Marine x3  
  128  8:48  Marine  
  135  8:50  Viking  
  135  8:52  Marauder x3  
  135  8:54  Viking  
  143  9:09  Marine x4  
  140  9:22  Marauder x3  
  130  9:25  Armory, SCV x3  
  130  9:26  Refinery, Engineering Bay  
  130  9:27  Refinery  
  130  9:28  Supply Depot  
  130  9:29  Supply Depot  
  133  9:37  Marine x4  
  137  9:40  Viking x3  
  137  9:43  Viking  
  145  9:57  Command Center  
  145  10:00  Marine x4  
  145  10:06  Ghost Academy  
  148  10:14  Sensor Tower  
  148  10:16  Terran Infantry Weapons Level 2, Terran Ship Weapons Level 1, Terran Infantry Armor Level 2  
  148  10:19  Marine x4  
  152  10:29  Barracks x2  
  152  10:30  Barracks  
  152  10:44  SCV x2  
  152  10:45  SCV  
  152  10:46  Supply Depot  
  152  10:47  Supply Depot  
  152  10:48  Supply Depot  
  154  10:53  Marine x4  
  154  10:55  Marauder x3  
  161  11:16  Liberator x4  
  161  11:17  Marine x4  
  161  11:18  Barracks Tech Lab x2, Barracks Reactor  
  152  11:20  Marauder x3  
  150  11:38  SCV x2  
  150  11:39  SCV  
  165  11:47  Marine  
  165  11:48  Marine x3  
  165  11:50  Refinery  
  169  12:00  Ghost x4  
  175  12:03  Ghost  
  175  12:05  Marine x2  
  175  12:07  Marine  
  178  12:09  Marine x2  
  178  12:10  Marine  
  171  12:29  Marine  
  168  12:30  Marine x5  
  168  12:31  Marauder x4  
  168  12:32  Marauder  
  156  12:58  Marine x7, Ghost x2  
  126  12:59  Ghost x2  
  127  13:08  SCV x2  
  102  13:16  Marine x6  
  104  13:26  Marine  
  95  13:27  Marine x3  
  95  13:28  Marine  
  95  13:33  Marine  
  92  13:36  Marine  
  92  13:37  Marine x3  
  92  13:46  Orbital Command  
  91  14:03  Marine x6  
  91  14:26  Marauder x5  
  101  14:34  Marine x4  
  101  14:36  Marine  
  101  14:37  Marine  
  107  14:50  Marauder x4  

Tags
 
Add a new tag
Caveats
  • Supply blocks, unpowered buildings, or Contaminate may cause inaccurate times.
  • Supply counts are checked every 10 seconds.